 Dungeon Crawl Stone Soup version 0.22.1-1-ga44c0e56f4 (webtiles) character file.

328 Peloso the Shield-Bearer (level 6, -1/53 HPs)
             Began as a Minotaur Fighter on Oct 16, 2018.
             Slain by Menkaure (8 damage)
             ... on level 4 of the Dungeon.
             The game lasted 00:06:18 (2896 turns).

Peloso the Shield-Bearer (Minotaur Fighter)         Turns: 2896, Time: 00:06:18

Health: -1/53      AC:  8    Str: 23    XL:     6   Next: 25%
Magic:  5/5        EV:  8    Int:  5    God:
Gold:   137        SH: 10    Dex: 11    Spells: 5/5 levels left

rFire    . . .     SeeInvis .   a - +0 long sword
rCold    . . .     Gourm    .   c - +0 shield
rNeg     . . .     Faith    .   b - +0 scale mail
rPois    .         Spirit   .   (helmet restricted)
rElec    .         Reflect  .   t - +0 cloak
rCorr    .         Harm     .   (no gloves)
MR       .....                  (no boots)
Stlth    ..........             (no amulet)
HPRegen  0.17/turn              s - +2 ring of strength
MPRegen  0.09/turn              (no ring)

@: no status effects
A: retaliatory headbutt, horns 2
a: no special abilities


You were on level 4 of the Dungeon.
You were hungry.

You visited 1 branch of the dungeon, and saw 4 of its levels.

You collected 137 gold pieces.

Inventory:

Hand Weapons
 a - a +0 long sword (weapon)
Armour
 b - a +0 scale mail (worn)
 c - a +0 shield (worn)
 t - a +0 cloak (worn)
Jewellery
 e - an uncursed amulet of harm
 s - a +2 ring of strength (left hand)
Wands
 u - a wand of disintegration (18)
Scrolls
 i - 4 scrolls of fear {unknown}
 j - 7 scrolls of identify {unknown}
 k - 2 scrolls of magic mapping {unknown}
 l - a scroll of remove curse {unknown}
 n - 4 scrolls of teleportation {unknown}
 p - 2 scrolls of enchant armour {unknown}
 r - 3 scrolls of amnesia {unknown}
Potions
 d - 2 potions of might
 g - 2 potions of haste {unknown}
 h - 4 potions of heal wounds {unknown}
 m - 2 potions of invisibility {unknown}
 o - 2 potions of curing {unknown}
 q - a potion of flight {unknown}
 v - a potion of magic {unknown}
 x - a potion of resistance {unknown}
Comestibles
 f - 9 rations


   Skills:
 + Level 4.6 Fighting
 + Level 4.6 Long Blades
 + Level 5.0 Armour
 + Level 1.8 Dodging
 + Level 0.3 Stealth
 + Level 5.3 Shields


You had 5 spell levels left.
You didn't know any spells.
Your spell library was empty.

Dungeon Overview and Level Annotations

Branches:
Dungeon (4/15)
 Temple: D:4-7

Altars:

Shops:
D:4 [

Annotations:
D:4 Menkaure


Innate Abilities, Weirdness & Mutations

You reflexively headbutt those who attack you in melee.
You have a pair of horns on your head.


Message History

Your body is wracked with pain!
The giant cockroach convulses!
Found a ring mail.
Your shield prevents you from hitting Menkaure.
Menkaure points at you and mumbles some strange words.
Pain shoots through your body!
You hit Menkaure.
Menkaure is lightly damaged.
Menkaure hits you!
* * * LOW HITPOINT WARNING * * *
The giant cockroach barely misses you.
Your shield prevents you from hitting Menkaure.
You headbutt Menkaure!
Menkaure is heavily damaged.
The giant cockroach bites you but does no damage.
Menkaure points at you and mumbles some strange words.
You barely resist. You hit Menkaure but do no damage. You headbutt Menkaure.
Menkaure is severely damaged.
You block the giant cockroach's attack. Menkaure hits you!
You die...

#.....#......#.....#.....#.
#.....#......'.....#.....#.
#.....########.....#.....##
#.....##.....#.......
#............#.......
#............#.......
#.......(....#.......
#....###..##.#......)
#...@# #..# .###.....
#$.sM# ..... . #.....
#....# ...... .#.>...
#....# ...... #..... #....#
.... #..... #....# #.....
.[...# #..... ......#
#..... #.....


You could see Menkaure and a giant cockroach.

Vanquished Creatures
  A bullfrog (D:4)
  An orc priest (D:4)
  An orc wizard (D:4)
  3 worker ants (D:4)
  5 adders
  A gnoll (D:1)
  An ooze (D:3)
  2 worms (D:2)
  2 dart slugs
  2 orcs
  3 giant cockroaches
  8 goblins
  7 hobgoblins
  4 jackals (D:2)
  A ball python (D:3)
  9 bats
  10 frilled lizards
  3 kobolds
  8 rats
72 creatures vanquished.

Notes
Turn   | Place    | Note
-------+----------+-------------------------------------------
     0 | D:1      | Peloso the Minotaur Fighter began the quest for the Orb.
     0 | D:1      | Reached XP level 1. HP: 19/19 MP: 0/0
   134 | D:1      | Reached XP level 2. HP: 8/27 MP: 1/1
   763 | D:2      | Reached XP level 3. HP: 29/33 MP: 2/2
  1343 | D:2      | Reached XP level 4. HP: 33/40 MP: 3/3
  1363 | D:2      | Reached skill level 1 in Dodging
  2343 | D:4      | Found Moalleug's Armour Boutique.
  2388 | D:4      | Reached XP level 5. HP: 45/46 MP: 4/4
  2403 | D:4      | Reached skill level 5 in Shields
  2424 | D:4      | Reached XP level 6. HP: 21/53 MP: 5/5
  2749 | D:4      | Reached skill level 5 in Armour
  2890 | D:4      | Noticed Menkaure
  2896 | D:4      | Slain by Menkaure

Skill      XL: |  1  2  3  4  5  6 |
---------------+-------------------+-----
Armour         | 4 5 |  5.0
Shields        | 4 5 |  5.3
Fighting       | 4 |  4.6
Long Blades    | 3 4 |  4.6
Dodging        | 1 |  1.8
Stealth        | |  0.3

Action                   |  1- 3 |  4- 6 || total
-------------------------+-------+-------++-------
Melee: Long sword        |    94 |    95 ||   189
       Headbutt          |    16 |    14 ||    30
  Eat: Chunk             |     1 |     5 ||     6
Armor: Scale mail        |    58 |    32 ||    90
Dodge: Dodged            |    39 |    35 ||    74
Block: Shield            |    57 |    52 ||   109
       Rpst.: Long sword |     8 |     5 ||    13
